 Dungeon Crawl Stone Soup version 0.24-a0-715-g0b739ee41d (webtiles) character file.

Game seed: 6137219838438427363, levelgen mode: deterministic

36 Arixos the Sneak (level 3, -5/20 HPs)
             Began as a Vampire Enchanter on Sept 30, 2019.
             Slain by a gnoll
             ... wielding a +0 whip
              (8 damage)
             ... on level 2 of the Dungeon.
             The game lasted 00:08:43 (1253 turns).

Arixos the Sneak (Vampire Enchanter)                Turns: 1253, Time: 00:08:43

Health: -5/20      AC:  7    Str:  7    XL:     3   Next: 19%
Magic:  1/6        EV: 13    Int: 17    God:
Gold:   80         SH:  0    Dex: 15    Spells: 3/6 levels left

rFire    + . .     SeeInvis +   a - +1 dagger
rCold    + . .     Gourm    .   (no shield)
rNeg     + + +     Faith    .   b - +0 robe
rPois    ∞         Spirit   .   o - +0 helmet
rElec    .         Reflect  .   (no cloak)
rCorr    .         Harm     .   (no gloves)
MR       .....                  (no boots)
Stlth    +++++.....             (no amulet)
HPRegen  0.00/turn              e - +4 ring of protection
MPRegen  0.10/turn              f - ring of fire

@: very slightly contaminated, bloodless, regenerating quickly
A: no food, fangs 3, see invisible, unbreathing
a: Bat Form, Revivify


You were on level 2 of the Dungeon.
You were bloodless.

You visited 1 branch of the dungeon, and saw 2 of its levels.

You collected 80 gold pieces.

Inventory:

Hand Weapons
 a - a +1 dagger (weapon)
Armour
 b - a +0 robe (worn)
 o - a +0 helmet (worn)
Jewellery
 e - a +4 ring of protection (left hand)
 f - a ring of fire (right hand)
Scrolls
 d - a scroll of magic mapping
 g - a scroll of identify {unknown}
 h - 3 scrolls of teleportation {unknown}
 j - a scroll of noise {unknown}
 l - a scroll of remove curse {unknown}
 p - a scroll of blinking {unknown}
 q - a scroll of immolation {unknown}
Potions
 c - a potion of curing {unknown}
 i - a potion of cancellation {unknown}
 k - a potion of flight {unknown}
 m - a potion of degeneration {unknown}
 n - a potion of heal wounds {unknown}


   Skills:
 + Level 0.7 Fighting
 + Level 1.6 Short Blades
 + Level 2.5 Dodging
 + Level 4.8 Stealth
 + Level 2.3 Spellcasting
 + Level 4.7 Hexes


You had 3 spell levels left.
You knew the following spells:

 Your Spells              Type           Power        Failure   Level  Hunger
a - Ensorcelled Hibernat  Hex/Ice        ##....       11%         2    N/A
b - Corona                Hex            ###....      2%          1    N/A

Your spell library contained the following spells:

 Spells                   Type           Power        Failure   Level  Hunger
 Confuse                  Hex            ###.....     9%          3    N/A
 Tukima's Dance           Hex            ###.....     9%          3    N/A
 Dazzling Spray           Conj/Hex       ##....       22%         3    N/A

Dungeon Overview and Level Annotations

Branches:
Dungeon (2/15)

Altars:
Ashenzari
Gozag


Innate Abilities, Weirdness & Mutations

You do not eat.
You do not regenerate when monsters are visible.
You are frail without blood (-20% HP).
You are immune to poison.
You have razor-sharp teeth.
You have supernaturally acute eyesight. (SInv)
You can survive without breathing.


Message History

Aim: a gnoll, wielding a +0 whip (chance to defeat MR: 50%)
You miscast Ensorcelled Hibernation.
You are very lightly contaminated with residual magic.
Nothing appears to happen.
The gnoll hits you but does no damage. The gnoll misses you.
You barely miss the gnoll. The gnoll hits you with a +0 whip!
The gnoll hits you from afar with a +0 halberd!
* * * LOW HITPOINT WARNING * * *
A rat comes into view.
The bat completely misses you. The gnoll misses you. The bat barely misses you.
The bat hits you but does no damage. The bat barely misses you.
The bat hits you but does no damage. The bat hits you.
* * * LOW HITPOINT WARNING * * *
The bat barely misses you.
There is a stone staircase leading down here.
The bat misses you. The gnoll hits you with a +0 whip!
You die...

#.# .. #.# #.# ##..#
#.. ..#
###########...# ###
..####...........#.#
.......
.....'.............
#######
..####...........#
### # ..#
#)..........# #..
..# #...........#
...####.### ..#
#......g.gg@#
........... g.#
#...........#
.#####.### ..#
#........b..#
######.# ..#
#...........#
#......# ###
###########.##
#.######
#...######.###
#............#
#.....####†#.#
#..........#.#


You could see 3 gnolls and a bat.

Vanquished Creatures
  A worm (D:2)
  3 leopard geckos (D:1)
  2 bats
  5 goblins
  5 hobgoblins
  4 kobolds
  A quokka (D:2)
  3 frilled lizards
  3 rats
27 creatures vanquished.

Notes
Turn   | Place    | Note
-------+----------+-------------------------------------------
     0 | D:1      | Arixos the Vampire Enchanter began the quest for the Orb.
     0 | D:1      | Reached XP level 1. HP: 13/13 MP: 3/3
   165 | D:1      | Reached XP level 2. HP: 16/16 MP: 5/5
   169 | D:1      | Learned a level 2 spell: Ensorcelled Hibernation
   888 | D:2      | Found an opulent altar of Gozag.
  1050 | D:2      | Reached XP level 3. HP: 20/20 MP: 6/6
  1196 | D:2      | Found a shattered altar of Ashenzari.
  1253 | D:2      | Slain by a gnoll

Levels and vault maps discovered:
D:1:      dpeg_arrival_chase, layout_basic, minmay_octomino_j4
D:2:      wad_crossroads, layout_basic, nicolae_overflow_crystal_walls,
          ashenzari_conservatory_becter, first_ration, minmay_pentomino_pile

Action                   || total
-------------------------++-------
Melee: Dagger            ||    50
       Bite              ||     3
 Cast: Corona            ||     3
       Ensorcelled Hiber ||    11
 Abil: Exsanguinate      ||     1
  Use: Scroll            ||     1
 Stab: Sleeping          ||    21
Armor: Robe              ||     9
Dodge: Dodged            ||    33

Table legend:
 A = Non-vault XP
 B = Vault XP
 C = Vault XP percentage of total XP
 D = Non-vault monster count
 E = Vault monster count
 F = Vault count percentage of total count
                 A         B        C        D         E       F
            +---------+---------+-------+---------+---------+-------
      Total |      41 |      11 |  21.2 |      20 |       7 |  25.9
            +---------+---------+-------+---------+---------+-------
        D:1 |      26 |       6 |  18.8 |      13 |       4 |  23.5
        D:2 |      15 |       5 |  25.0 |       7 |       3 |  30.0
            +---------+---------+-------+---------+---------+-------
